AoeStats
← |GaoeG| flamingo

Arena

507803523Analyzed
3v3 RM · 13d ago on Sep 19, 2026· 50m 59s· 6 players
Game mode
Random Map
Map size
Normal (6 player)
Population
200
Speed
Normal
Resources
Standard
Victory
Conquest
Starting age
Dark Age
Ending age
Imperial Age
RankedLock teamsTeams togetherTeam positionsShared explorationLock speedFull tech treeHidden civsTurbo modeCheats
Victory
Defeat
🇪🇸 Spanish · Spain
1315
+10
🇪🇸 Franks · Spain
1181
+15
🇪🇸 Vietnamese · Spain
1168
+15
🇺🇸 Burgundians · United States
1181
-14
🇦🇷 Britons · Argentina
1163
-13
🇵🇱 Italians · Poland
1157
-13
misspa
10:51 Feudal Age
14:51 Castle Age
12:57 Double-Bit Axe
13:29 Gold Mining
13:51 Horse Collar
15:49 Bow Saw
18:52 Crossbowman
19:27 Fletching
21:00 Padded Archer Armor
21:17 Bodkin Arrow
24:30 Loom
25:28 Wheelbarrow
27:59 Stone Mining
28:46 Gold Shaft Mining
29:09 Hand Cart
34:54 Imperial Age
34:02 Leather Archer Armor
35:15 Ballistics
35:10 Arbalester
35:54 Bracer
36:42 Ring Archer Armor
37:21 Chemistry
36:32 Masonry
37:03 Conscription
37:05 Yeomen
39:27 Pikeman
43:16 Warwolf
43:25 Halberdier
44:46 Forging
44:36 Scale Mail Armor
47:30 Iron Casting
47:11 Chain Mail Armor
GreatKnot19365
9:52 Feudal Age
13:05 Double-Bit Axe
15:36 Castle Age
13:50 Horse Collar
18:12 Heavy Plow
18:24 Bow Saw
19:32 Wheelbarrow
23:38 Hand Cart
30:30 Imperial Age
28:59 Thumb Ring
28:50 Fletching
29:25 Loom
29:29 Town Watch
29:37 Gold Mining
30:03 Elite Skirmisher
32:12 Chemistry
31:34 Ballistics
31:15 Bodkin Arrow
31:51 Town Patrol
32:14 Bracer
34:02 Arrowslits
34:37 Caravan
45:54 Padded Archer Armor
Dumb_Armadillo
3:40 Double-Bit Axe
10:59 Feudal Age
9:16 Loom
14:40 Castle Age
14:16 Bow Saw
13:50 Horse Collar
20:25 Heavy Plow
23:43 Loom
24:29 Gold Mining
24:33 Stone Mining
26:00 Two-Man Saw
25:18 Cavalier
27:38 Wheelbarrow
26:48 Town Watch
28:02 Husbandry
28:17 Forging
28:12 Scale Barding Armor
27:57 Fletching
28:49 Burgundian Vineyards
30:08 Gold Shaft Mining
30:10 Stone Shaft Mining
30:05 Guilds
33:59 Imperial Age
34:38 Chain Barding Armor
34:53 Iron Casting
34:14 Bodkin Arrow
34:15 Paladin
34:16 Light Cavalry
35:36 Hand Cart
35:24 Town Patrol
36:17 Crop Rotation
37:47 Coinage
37:18 Caravan
37:56 Plate Barding Armor
38:21 Blast Furnace
40:16 Banking
41:43 Ballistics
41:04 Treadmill Crane
41:35 Masonry
41:20 Murder Holes
42:26 Chemistry
41:39 Fortified Wall
41:36 Hussar
43:28 Blast Furnace
42:29 Bracer
42:32 Scale Mail Armor
42:32 Padded Archer Armor
46:26 Architecture
|GaoeG| Joseba77
11:24 Feudal Age
15:28 Castle Age
13:30 Fletching
13:51 Double-Bit Axe
13:59 Gold Mining
14:04 Horse Collar
18:08 Bow Saw
26:53 Imperial Age
25:58 Bodkin Arrow
25:50 Loom
26:24 Stone Mining
26:37 Padded Archer Armor
27:40 Leather Archer Armor
27:37 Bracer
29:20 Two-Man Saw
30:07 Chemistry
30:58 Elite Rattan Archer
32:44 Ring Archer Armor
33:23 Ballistics
34:44 Paper Money
35:02 Wheelbarrow
35:19 Thumb Ring
34:38 Elite Skirmisher
36:14 Imperial Skirmisher
38:30 Treadmill Crane
39:29 Hoardings
40:27 Fortified Wall
41:10 Scale Mail Armor
40:33 Elite Fire Lancer
41:15 Squires
43:50 Siege Engineers
47:03 Hand Cart
48:57 Chain Mail Armor
49:47 Heavy Plow
51:28 Plate Mail Armor
51:59 Stone Shaft Mining
|GaoeG| flamingo
11:03 Feudal Age
15:06 Castle Age
13:14 Double-Bit Axe
13:19 Horse Collar
16:21 Bow Saw
16:25 Heavy Plow
23:26 Wheelbarrow
26:19 Loom
31:00 Imperial Age
28:49 Hand Cart
29:24 Elite Skirmisher
30:10 Thumb Ring
30:00 Fletching
30:11 Padded Archer Armor
31:39 Ballistics
31:21 Imperial Skirmisher
32:24 Conscription
32:23 Leather Archer Armor
32:05 Bodkin Arrow
33:14 Chemistry
33:36 Ring Archer Armor
35:32 Two-Man Saw
35:19 Bloodlines
35:09 Husbandry
34:31 Cavalier
35:21 Bracer
35:27 Scale Barding Armor
35:33 Forging
35:39 Paladin
37:50 Chain Barding Armor
38:44 Iron Casting
39:21 Plate Barding Armor
40:56 Town Watch
42:36 Blast Furnace
43:19 Gold Mining
ErafaE
10:46 Feudal Age
14:22 Castle Age
13:35 Double-Bit Axe
21:24 Bow Saw
22:06 Wheelbarrow
22:29 Gold Mining
23:25 Hand Cart
23:28 Loom
24:26 Gold Shaft Mining
29:17 Imperial Age
27:04 Husbandry
27:11 Scale Barding Armor
27:16 Forging
27:50 Ballistics
27:53 Town Watch
28:30 Chain Barding Armor
27:34 Light Cavalry
29:23 Iron Casting
29:01 Stone Mining
29:32 Cavalier
36:59 Paladin
39:17 Blast Furnace
39:17 Plate Barding Armor
40:56 Fletching
42:34 Conscription
42:18 Chivalry
45:05 Pikeman
45:46 Squires
45:32 Arson
45:44 Bodkin Arrow
45:49 Padded Archer Armor
Connection lost

Rejoining the realm…

Still unreachable

The connection could not be restored.

Session expired

The server has moved on; the page needs a fresh start.